 Dungeon Crawl Stone Soup version 0.24.0-37-gcf1ca852f1 (webtiles) character file.

Game seed: 2854089525617456464, levelgen mode: deterministic

7 Descartes the Scratcher (level 1, 0/9 HPs)
             Began as a Felid Transmuter on Nov 26, 2019.
             Slain by a rat (2 damage)
             ... on level 1 of the Dungeon.
             The game lasted 00:01:50 (969 turns).

Descartes the Scratcher (Felid Transmuter)           Turns: 969, Time: 00:01:51

Health: 0/9        AC:  1    Str:  6    XL:     1   Next: 91%
Magic:  3/4        EV: 18    Int: 14    God:
Gold:   0          SH:  0    Dex: 16    Spells: 3/4 levels left
                                        Lives:  0   Deaths: 0

rFire    . . .     SeeInvis +     - Unarmed
rCold    . . .     Gourm    .   (shield unavailable)
rNeg     . . .     Faith    .   (armour unavailable)
rPois    .         Spirit   .   (helmet unavailable)
rElec    .         Reflect  .   (cloak unavailable)
rCorr    .         Harm     .   (gloves unavailable)
MR       .....                  (boots unavailable)
Stlth    ++........             (no amulet)
HPRegen  0.03/turn              (no ring)
MPRegen  0.09/turn              (no ring)

@: appendage (expiring), quick
A: very small, no armour, no weapons or thrown items, stealth, claws 1, fangs 3,
horns 2, see invisible, carnivore, speed 1, shaggy fur 1, slow metabolism 1,
sharp paws
a: End Transformation


You were on level 1 of the Dungeon.
You were full.
You had grown temporary horns.
You visited 1 branch of the dungeon, and saw 2 of its levels.

Inventory:

Missiles
 a - 12 arrows
Scrolls
 d - a scroll of identify {unknown}
 e - a scroll of enchant weapon {unknown}
Potions
 b - a potion of brilliance {unknown}
Comestibles
 c - a ration


   Skills:
 - Level 1.0 Fighting
 + Level 2.9 Dodging
 + Level 1.0 Stealth
 * Level 3.3 Unarmed Combat
 - Level 2.0 Spellcasting
 - Level 2.1 Transmutations


You had 3 spell levels left.
You knew the following spells:

 Your Spells              Type           Power        Failure   Level  Hunger
a - Beastly Appendage     Tmut           #.....       10%         1    ##.....

Your spell library contained the following spells:

 Spells                   Type           Power        Failure   Level  Hunger
 Sticks to Snakes         Tmut           #.......     14%         2    ###....
 Spider Form              Tmut/Pois      #.........   41%         3    ####...
 Ice Form                 Ice/Tmut       #.......     83%         4    #####..
 Blade Hands              Tmut           #.........   95%         5    ######.


Dungeon Overview and Level Annotations

Branches:
Dungeon (2/15)

Altars:


Innate Abilities, Weirdness & Mutations

You cannot wear armour.
You are incapable of wielding weapons or throwing items.
Your paws allow you to move quietly. (Stealth)
You have sharp claws.
You have razor-sharp teeth.
You have supernaturally acute eyesight. (SInv)
You are carnivorous and can eat meat at any time.
You cover ground quickly.
You are covered in fur. (AC +1)
You have a slow metabolism.
Your sharp claws are effective at attacking unaware monsters.
You have a pair of horns on your head.


Message History

You are too injured to fight recklessly!
A rat comes into view.
There is a stone staircase leading up here.
You climb upwards.
There is a stone staircase leading down here.
You start resting.
The frilled lizard is too close now for your liking.
Casting: Beastly Appendage (safe; 10% risk of failure)
Confirm with . or Enter, or press ? or * to list all spells.
You grow a pair of large bovine horns.
The frilled lizard hisses angrily.
The frilled lizard closely misses you.
You barely miss the frilled lizard. The frilled lizard bites you.
* * * LOW HITPOINT WARNING * * *
You scratch the frilled lizard.
You kill the frilled lizard!
Your Stealth skill increases to level 1!
Your transformation is almost over.
You barely miss the rat. The rat bites you.
You die...

.......##...##...........##
..(.....#......#.##.......#
........###..#.#.#######..#####
........# ##.#.#..........l...#
........# #...##############.#
....###.# ##.r# #.# .... .#
#..# #.# .... #.#####..######
#.# #(.......r@...# #.#
######..####.# #l# #.>##...#
#.# #####.### #.# #.# #.#
#.###########.# #.......l.....#
######.######## #.#


You could see a rat.

Vanquished Creatures
  2 giant cockroaches (D:1)
  A hobgoblin (D:1)
  A bat (D:1)
  2 frilled lizards (D:1)
  A kobold (D:1)
  A rat (D:1)
8 creatures vanquished.

Notes
Turn   | Place    | Note
-------+----------+-------------------------------------------
     0 | D:1      | Descartes the Felid Transmuter began the quest for the Orb.
     0 | D:1      | Reached XP level 1. HP: 9/9 MP: 4/4
   962 | D:1      | Reached skill level 1 in Stealth
   969 | D:1      | Slain by a rat

Levels and vault maps discovered:
D:1:      minmay_arrival_jagged, layout_basic
D:2:      kb_forest_paths, layout_basic, lemuel_doored_altar,
          chequers_ecumenical_altar_simple_redux, uniq_terence

Skill      XL: |  1 |
---------------+----+-----
Stealth        | 1 |  1.0
Fighting       | |  1.0
Dodging        | |  2.9
Unarmed Combat | |  3.3
Spellcasting   | |  2.0
Transmutations | |  2.1

Action                   || total
-------------------------++-------
Melee: Unarmed           ||    35
       Bite              ||     3
 Cast: Beastly Appendage ||     1
  Eat: Chunk             ||     3
Dodge: Dodged            ||    26
